 Dungeon Crawl Stone Soup version 0.31-a0-221-gbddc013574 (webtiles) character file.

Game seed: 49683013915667892

790 pokeman the Thaumaturge (level 7, -6/40 HPs)
             Began as a Deep Elf Hedge Wizard on July 4, 2023.
             Was an Initiate of Vehumet.
             Mangled by an ogre
             ... wielding a +0 giant club
              (8 damage)
             ... on level 5 of the Dungeon.
             The game lasted 00:08:59 (4182 turns).

pokeman the Thaumaturge (Deep Elf Hedge Wizard)     Turns: 4182, Time: 00:09:00

Health: -6/40      AC:  2    Str:  7    XL:     7   Next: 57%
Magic:  13/20      EV: 13    Int: 21    God:    Vehumet [......]
Gold:   236        SH:  0    Dex: 14    Spells: 14/22 levels left

rFire   . . .        s - +2 mace "Fudoog" {pain, rPois rN+}
rCold   . . .        (no shield)
rNeg    + . .        b - +0 robe
rPois   +            c - +0 hat
rElec   .            (no cloak)
rCorr   .            (no gloves)
SInv    +            (no boots)
Will    .....        (no amulet)
Stlth   ++           l - ring of see invisible
HPRegen 0.26/turn    (no ring)
MPRegen 0.17/turn

%: no passive effects
@: no status effects
A: no striking features
a: Renounce Religion


You were on level 5 of the Dungeon.
You worshipped Vehumet.
Vehumet was noncommittal.
You visited 2 branches of the dungeon, and saw 6 of its levels.
You also visited: Sewer.

You collected 236 gold pieces.

Inventory:

Hand Weapons
 s - the +2 mace "Fudoog" (weapon) {pain, rPois rN+}
   (You found it on level 4 of the Dungeon)

   rPois:     It protects you from poison.
   rN:        It protects you from negative energy.
Armour
 b - a +0 robe (worn)
 c - a +0 hat (worn)
 v - a +0 kite shield
Magical Staves
 z - a staff of cold
Jewellery
 l - a ring of see invisible (left hand)
Wands
 y - a wand of flame (5)
Scrolls
 e - a scroll of enchant armour {unknown}
 g - a scroll of identify {unknown}
 h - a scroll of summoning {unknown}
 i - a scroll of revelation {unknown}
 k - 3 scrolls of vulnerability {unknown}
 o - a scroll of blinking {unknown}
 q - a scroll of amnesia {unknown}
 r - 4 scrolls of teleportation {unknown}
 u - a scroll of silence {unknown}
Potions
 a - a potion of curing
 d - a potion of magic
 f - a potion of heal wounds {unknown}
 j - a potion of might {unknown}
 m - a potion of attraction {unknown}
 n - a potion of degeneration {unknown}
 p - a potion of resistance {unknown}
 t - 4 potions of enlightenment
 w - a potion of haste {unknown}
 x - a potion of brilliance {unknown}


   Skills:
 + Level 2.1 Fighting
 - Level 1.0 Armour
 - Level 3.0 Dodging
 - Level 3.1 Stealth
 * Level 8.1 Spellcasting
 + Level 4.0 Conjurations
 - Level 1.1 Summonings
 + Level 3.1 Necromancy
 - Level 1.1 Translocations
 + Level 1.5 Ice Magic
 - Level 1.1 Air Magic
 - Level 1.1 Poison Magic


You had 14 spell levels left.
You knew the following spells:

 Your Spells              Type           Power      Damage    Failure   Level
a - Magic Dart            Conj           100%       1d8       1%          1
b - Mephitic Cloud        Conj/Pois/Air  17%        N/A       10%         3
c - Call Imp              Summ           26%        N/A       8%          2
d - Blink                 Tloc           26%        N/A       8%          2

Your spell library contained the following spells:

 Spells                   Type           Power      Damage    Failure   Level
 Sublimation of Blood     Necr           21%        N/A       3%          2
 Cigotuvi's Dreadful Rot  Necr/Pois/Air  32%        N/A       5%          2
 Slow                     Hex            32%        N/A       8%          1
 Wereblood                Tmut           8%         N/A       12%         2
 Summon Hydra             Summ           6%         N/A       100%        7


Dungeon Overview and Level Annotations

Branches:
Dungeon (5/15)             Temple (1/1) D:5           Sewer (visited)

Altars:
Cheibriados
Gozag
Hepliaklqana
Makhleb
Qazlal
Vehumet
Xom
Yredelemnul

Shops:
D:1 (   D:2 *


Message History

The hound barely misses you.
Your cerulean imp hits the hound with a -3 spear.
The ogre barely misses your cerulean imp.
Unknown command.
You barely miss the hound.
The hound is almost dead.
The hound is engulfed in noxious fumes.
The hound appears confused.
The hound bites you.
The hound bites itself.
Your cerulean imp hits the hound but does no damage.
Unknown command.
Unknown command.
You hit the hound.
You kill the hound!
Vehumet accepts your kill.
Your cerulean imp hits the orc priest but does no damage.
The orc priest hits your cerulean imp with a +0 hand axe.
Your cerulean imp dies!
Your cerulean imp disappears in a puff of smoke!
Your Conjurations skill increases to level 4!
Unknown command.
You hit the ogre.
The ogre writhes in agony.
The ogre is moderately wounded.
The ogre seems less confused.
The ogre hits you with a +0 giant club!!
Ouch! That really hurt!
* * * LOW HITPOINT WARNING * * *
Unknown command.
Casting: Mephitic Cloud (dangerous; 10% risk of failure)
Confirm with . or Enter, or press ? or * to list all spells.
Aiming: Mephitic Cloud (dangerous; 10% risk of failure)
Press: ? - help, Shift-Dir - straight line, f - ogre
Aim: an ogre, wielding a +0 giant club (moderately wounded, chance to affect: 77%)
The ball explodes into a vile cloud!
The stinking cloud engulfs the ogre but does no damage.
The ogre is moderately wounded.
The stinking cloud engulfs the orc priest but does no damage.
The stinking cloud engulfs you but does no damage.
You hear a howl!
The ogre is engulfed in noxious fumes.
The ogre hits you with a +0 giant club!
You die...

. ... ######.....
####oO@.......
##...ยง####.....
..###..#### ...
.......#...####.. .
.................#
#................##
#........O##...#..###
#........#..#.#......
###......#....#..#?..


You could see an ogre and an orc priest.

Vanquished Creatures
  An ogre (D:5)
  2 kobold brigands (Sewer)
  A scorpion (D:5)
  A howler monkey (D:4)
  3 hounds
  A jelly (D:4)
  An iguana (D:4)
  A gnoll (D:1)
  3 river rats
  5 adders
  3 worms
  2 dart slugs
  10 ball pythons
  An endoplasm (D:1)
  2 giant cockroaches
  4 goblins
  7 hobgoblins
  2 jackals (Sewer)
  10 kobolds
  2 quokkas
  4 bats
  A frilled lizard (D:3)
  11 rats
78 creatures vanquished.

Vanquished Creatures (collateral kills)
  An ogre (D:5)
  Blork the orc (D:4)
  An adder (D:4)
  A worm (D:2)
4 creatures vanquished.

Grand Total: 82 creatures vanquished

Notes
Turn   | Place    | Note
-------+----------+-------------------------------------------
     0 | D:1      | pokeman the Deep Elf Hedge Wizard began the quest for the
                  | Orb.
     0 | D:1      | Reached XP level 1. HP: 10/10 MP: 7/7
    42 | D:1      | Reached XP level 2. HP: 2/16 MP: 0/9
   234 | D:1      | Found a faded altar of an unknown god.
   429 | D:1      | Found Muofehi's Weapon Shop.
   751 | D:2      | Reached skill level 5 in Spellcasting
   903 | D:2      | Reached XP level 3. HP: 20/20 MP: 9/11
   907 | D:2      | Learned a level 3 spell: Mephitic Cloud
   910 | D:2      | Learned a level 2 spell: Call Imp
   913 | D:2      | Learned a level 2 spell: Blink
   951 | D:2      | Found Zaomis's General Store.
  1298 | D:2      | Reached skill level 1 in Fighting
  1667 | D:2      | Reached skill level 1 in Armour
  2108 | D:3      | Reached XP level 4. HP: 25/25 MP: 11/13
  2575 | D:4      | Noticed Blork the orc
  2584 | D:4      | Found a burning altar of Makhleb.
  2596 | D:4      | Found a snail-covered altar of Cheibriados.
  2632 | D:4      | Identified the +2 mace "Fudoog" {pain, rPois rN+}
  2657 | D:4      | Reached skill level 6 in Spellcasting
  2657 | D:4      | Reached XP level 5. HP: 19/29 MP: 7/15
  2710 | D:4      | Found a glowing drain.
  2758 | Sewer    | Entered a sewer
  2916 | Sewer    | Reached skill level 1 in Necromancy
  2916 | Sewer    | Reached skill level 1 in Air Magic
  2916 | Sewer    | Reached skill level 1 in Poison Magic
  2916 | Sewer    | Reached XP level 6. HP: 34/34 MP: 3/17
  3016 | Sewer    | Found a white marble altar of Elyvilon.
  3197 | D:4      | Reached skill level 7 in Spellcasting
  3277 | D:4      | Killed Blork the orc
  3818 | D:5      | Entered Level 5 of the Dungeon
  3858 | D:5      | Reached XP level 7. HP: 32/39 MP: 11/20
  3992 | D:5      | Found a staircase to the Ecumenical Temple.
  4001 | Temple   | Entered the Ecumenical Temple
  4006 | Temple   | Became a worshipper of Vehumet
  4021 | D:5      | Reached skill level 1 in Ice Magic
  4024 | D:5      | HP: 1/39 [howler monkey (7)]
  4039 | D:5      | Reached skill level 8 in Spellcasting
  4181 | D:5      | HP: 2/40 [ogre/+0 giant club (24)]
  4182 | D:5      | Mangled by an ogre

Illustrated notes

Levels and vault maps discovered:
D:1:      dreamdust_arrival_sigmund_warning, layout_rooms, serial_shops, shop,
          shapermc_ecumenical_altar_pompeii, minmay_misc_feat_hallway
D:2:      layout_loops_ring, serial_shops, nicolae_shop_tiny_real_fake_doors
D:3:      layout_loops_ring
D:4:      layout_loops_ring, mainiacjoe_overflow_catwalk_spiral,
          lightli_sewer_entry_pipes, uniq_blork_the_orc
D:5:      layout_rooms, minmay_temple_entry_mini_moons
Temple:   hellmonk_temple_of_storms

Skill      XL: |  1  2  3  4  5  6  7 |
---------------+----------------------+-----
Spellcasting   | 5 6 7 8 |  8.1
Fighting       | 1 2 |  2.1
Armour         | 1 |  1.0
Conjurations   | 2 3 4 |  4.0
Dodging        | 3 |  3.0
Stealth        | 3 |  3.1
Necromancy     | 1 2 3 |  3.1
Air Magic      | 1 |  1.1
Poison Magic   | 1 |  1.1
Ice Magic      | 1 |  1.5
Summonings     | |  1.1
Translocations | |  1.1

Action                     |  1- 3 |  4- 6 |  7- 9 || total
---------------------------+-------+-------+-------++-------
  Melee: Dagger            |     9 |       |       ||     9
         Mace              |       |    48 |    12 ||    60
         Punch             |       |     1 |     1 ||     2
   Cast: Magic Dart        |   103 |    48 |    10 ||   161
         Mephitic Cloud    |     1 |     9 |     7 ||    17
         Call Imp          |     1 |     2 |     2 ||     5
         Blink             |       |       |     2 ||     2
    Use: Potion            |       |       |     1 ||     1
   Stab: Distracted        |       |     1 |       ||     1
         Confused          |       |     3 |     2 ||     5
 Armour: Robe              |     2 |     4 |     1 ||     7
  Dodge: Dodged            |    18 |    47 |    22 ||    87

Table legend: (Time is in decaauts)
 A = Elapsed time spent in this place.
 B = Non-inter-level travel time spent in this place.
 C = Inter-level travel time spent in this place.
 D = Time resting spent in this place.
 E = Time spent auto-exploring this place.
 F = Levels seen in this place.
 G = Mean time per level.
                   A        B        C        D        E       F      G
               +--------+--------+--------+--------+--------+-----+--------+
         Total |   4259 |   4166 |     93 |    194 |   3335 |   7 |  608.4 |
       Dungeon |   3807 |   3718 |     89 |     83 |   3068 |   5 |  761.4 |
        Temple |    124 |    120 |      4 |    111 |      0 |   1 |  124.0 |
         Sewer |    327 |    327 |      0 |      0 |    266 |   1 |  327.0 |
               +--------+--------+--------+--------+--------+-----+--------+

Top non-repeatable levels by time:
     D:4: 989 daAuts
     D:2: 974 daAuts
     D:3: 867 daAuts
     D:1: 730 daAuts
   Sewer: 327 daAuts
     D:5: 245 daAuts
  Temple: 124 daAuts
